 Dungeon Crawl Stone Soup version 0.32-a0-928-g1cae6b7ea0 (webtiles) character file.

Game seed: 3604318880957952694

24 horus123 the Digger (level 2, -1/19 HPs)
             Began as a Demonspawn Earth Elementalist on Apr 13, 2024.
             Slain by a ribbon worm (8 damage)
             ... on level 2 of the Dungeon.
             The game lasted 00:01:31 (893 turns).

horus123 the Digger (Demonspawn Earth Elementalist)  Turns: 893, Time: 00:01:32

Health: -1/19      AC:  2    Str:  8    XL:     2   Next: 79%
Magic:  0/5        EV: 11    Int: 15    God:
Gold:   74         SH:  0    Dex: 13    Spells: 4/5 levels left

rFire   . . .        g - +0 hand axe
rCold   . . .        (no shield)
rNeg    . . .        a - +0 robe
rPois   .            (no helmet)
rElec   .            (no cloak)
rCorr   .            (no gloves)
SInv    .            (no boots)
Will    .....        (no amulet)
Stlth   ++           (no ring)
HPRegen 0.23/turn    (no ring)
MPRegen 0.09/turn

%: no passive effects
@: very slightly contaminated, wreathed by umbra
A: foul shadow 1
a: no special abilities


You were on level 2 of the Dungeon.
You visited 1 branch of the dungeon, and saw 2 of its levels.

You collected 74 gold pieces.

Inventory:

Hand Weapons
 g - a +0 hand axe (weapon)
Armour
 a - a +0 robe (worn)
Scrolls
 d - 3 scrolls of vulnerability {unknown}
 e - a scroll of enchant armour {unknown}
Potions
 b - a potion of magic
 c - 2 potions of berserk rage {unknown}
 f - 2 potions of degeneration {unknown}


   Skills:
 - Level 1.7 Dodging
 - Level 1.7 Stealth
 + Level 2.0 Spellcasting
 - Level 1.0 Conjurations
 - Level 3.6 Earth Magic


You had 4 spell levels left.
You knew the following spells:

 Your Spells              Type           Power      Damage    Failure   Level
a - Sandblast             Erth           24%        2d8       4%          1

Your spell library contained the following spells:

 Spells                   Type           Power      Damage    Failure   Level
 Passwall                 Erth           12%        N/A       14%         3
 Stone Arrow              Conj/Erth      16%        3d8       26%         3
 Brom's Barrelling Bould  Conj/Erth      8%         2d3       63%         4
 Petrify                  Alch/Erth      7%         N/A       71%         4


Dungeon Overview and Level Annotations

Branches:
Dungeon (2/15)

Altars:


Innate Abilities, Weirdness & Mutations

You are faintly shadowed, very rarely releasing foul flame when damaged in melee.


Message History

There is a stone staircase leading up here.
There are monsters nearby!
Found a hand axe.
The goblin unwields a +0 club.
The goblin wields a +0 sling.
The goblin shoots a sling bullet.
The sling bullet hits you.
The blast of sand hits the giant cockroach.
You kill the giant cockroach!
You can't see any susceptible monsters within range! (Use Z to cast anyway.)
The goblin shoots a sling bullet.
The sling bullet completely misses you.
The blast of sand hits the goblin!
You kill the goblin!
Magic restored.
Found a stone staircase leading up.
f - 2 glowing silvery potions (gained 1)
An endoplasm and a ribbon worm come into view.
Found 2 gold pieces.
The blast of sand hits the ribbon worm.
The ribbon worm is lightly wounded.
The ribbon worm closely misses you.
There are monsters nearby!
The blast of sand hits the ribbon worm.
The ribbon worm is moderately wounded.
The ribbon worm closely misses you.
There are monsters nearby!
You miscast Sandblast.
You are very lightly contaminated with residual magic.
Nothing appears to happen.
The ribbon worm expels a string of sticky webbing.
The stream of webbing hits you but does no damage.
You are caught in a web!
The blast of sand hits the ribbon worm!
The ribbon worm is almost dead.
The ribbon worm bites you.
You miscast Sandblast.
Nothing appears to happen.
The ribbon worm bites you.
You are out of magic!
You don't have enough magic to cast this spell.
The web tears apart.
The ribbon worm bites you!
You barely miss the ribbon worm.
The ribbon worm is severely wounded.
The ribbon worm bites you!
You die...

.... .... .....
J.... # ..$...
#.#####......
#.....w......
#.@##+#######
#..#.........#
#.##.........# #..
#.........# #..
#.....)...# #..#
#.........# ....
###[........#
#.#..#.#.#.#.....#
#....<........#


You could see a ribbon worm and an endoplasm.

Vanquished Creatures
  A dart slug (D:1)
  2 endoplasms (D:1)
  3 giant cockroaches
  4 hobgoblins (D:1)
  A kobold (D:1)
  3 quokkas (D:1)
  2 bats (D:1)
  A frilled lizard (D:1)
  A goblin (D:2)
18 creatures vanquished.

Notes
Turn   | Place    | Note
-------+----------+-------------------------------------------
     0 | D:1      | horus123 the Demonspawn Earth Elementalist began the quest
                  | for the Orb.
     0 | D:1      | Reached XP level 1. HP: 13/13 MP: 3/3
    89 | D:1      | Reached skill level 3 in Earth Magic
   219 | D:1      | Gained mutation: You are faintly shadowed, very rarely
                  | releasing foul flame when damaged in melee. [demonic
                  | ancestry]
   219 | D:1      | Reached XP level 2. HP: 19/19 MP: 1/5
   893 | D:2      | Slain by a ribbon worm

Illustrated notes

Levels and vault maps discovered:
D:1:      wander_arrival_peaceful_grave, layout_basic, minivault_14
D:2:      layout_basic, dreamdust_princess_corridor, st_stairs_8

Skill      XL: |  1 |
---------------+----+-----
Earth Magic    | 3 |  3.6
Dodging        | |  1.7
Stealth        | |  1.7
Spellcasting   | |  2.0
Conjurations   | |  1.0

Action                     || total
---------------------------++-------
  Melee: Hand axe          ||     2
   Cast: Sandblast         ||    29
 Armour: Robe              ||     7
  Dodge: Dodged            ||    13

Table legend: (Time is in decaauts)
 A = Elapsed time spent in this place.
 B = Non-inter-level travel time spent in this place.
 C = Inter-level travel time spent in this place.
 D = Time resting spent in this place.
 E = Time spent auto-exploring this place.
 F = Levels seen in this place.
 G = Mean time per level.
                   A        B        C        D        E       F      G
               +--------+--------+--------+--------+--------+-----+--------+
         Total |    908 |    873 |     35 |     52 |    700 |   2 |  454.0 |
       Dungeon |    908 |    873 |     35 |     52 |    700 |   2 |  454.0 |
               +--------+--------+--------+--------+--------+-----+--------+

Top non-repeatable levels by time:
     D:1: 866 daAuts
     D:2: 42 daAuts
